 Dungeon Crawl Stone Soup version 0.29.1-14-g9c671dbff4 (webtiles) character file.

Game seed: 7569323869180795144

211 LLlMATKO the Chopper (level 5, 0/70 HPs)
             Began as a Minotaur Berserker on Feb 17, 2023.
             Was a Believer of Trog.
             Killed by nerve-wracking pain
             ... invoked by Grinder
              (7 damage)
             ... on level 3 of the Dungeon.
             The game lasted 00:02:35 (3222 turns).

LLlMATKO the Chopper (Minotaur Berserker)           Turns: 3222, Time: 00:02:36

Health: 0/70       AC:  9    Str: 23    XL:     5   Next: 57%
Magic:  4/4        EV:  9    Int:  4    God:    Trog [**....]
Gold:   149        SH:  0    Dex: 10    Spells: 4/4 levels left

rFire   . . .      SeeInvis .   p - +2 hand axe (freeze)
rCold   . . .      Faith    .   (no shield)
rNeg    . . .      Spirit   .   q - +0 chain mail
rPois   .          Reflect  .   (helmet restricted)
rElec   .          Harm     .   (no cloak)
rCorr   .          Rampage  .   (no gloves)
Will    .....                   (no boots)
Stlth   ..........              (no amulet)
HPRegen 0.21/turn               (no ring)
MPRegen 0.09/turn               (no ring)

@: berserking (expiring), very quick
A: horns 2, retaliatory headbutt
a: Renounce Religion, Berserk, Trog's Hand


You were on level 3 of the Dungeon.
You worshipped Trog.
Trog was pleased with you.
You visited 1 branch of the dungeon, and saw 3 of its levels.

You collected 149 gold pieces.

Inventory:

Hand Weapons
 p - a +2 hand axe of freezing (weapon)
Missiles
 h - 2 poisoned darts (quivered)
 j - 4 atropa-tipped darts
 m - 4 silver javelins
 r - 4 boomerangs
Armour
 b - a +0 animal skin
 q - a +0 chain mail (worn)
Jewellery
 l - a ring of flight
Scrolls
 c - 4 scrolls of identify {unknown}
 e - 2 scrolls of teleportation {unknown}
 k - a scroll of enchant armour {unknown}
 n - a scroll of fear {unknown}
Potions
 a - a potion of mutation {unknown}
 d - a potion of heal wounds {unknown}
 f - a potion of degeneration {unknown}
 g - 2 potions of flight {unknown}
 i - a potion of ambrosia {unknown}
 o - a potion of lignification {unknown}
 s - a potion of curing {unknown}


   Skills:
 + Level 4.9 Fighting
 + Level 5.0 Axes
 + Level 4.0 Armour
 + Level 3.7 Dodging


You had 4 spell levels left.
You didn't know any spells.
Your spell library was empty.

Dungeon Overview and Level Annotations

Branches:
Dungeon (3/15)

Altars:
Zin

Annotations:
D:3 Grinder


Innate Abilities, Weirdness & Mutations

You have a pair of horns on your head.
You reflexively headbutt those who attack you in melee.


Message History

Grinder says, "Mostly I couldn't keep them alive."
Grinder gestures at you.
You shrug off the repeated paralysis!
You barely miss Grinder.
Grinder is heavily wounded.
Grinder barely misses you.
You barely miss Grinder.
Grinder is heavily wounded.
You are too injured to fight recklessly!
Unknown command.
You completely miss Grinder.
Grinder is heavily wounded.
Grinder gestures at you. Pain shoots through your body!
You slash Grinder!
Grinder is severely wounded.
Grinder gestures at you. Pain shoots through your body!
* * * LOW HITPOINT WARNING * * *
You hit Grinder. You headbutt Grinder!
Grinder is almost dead.
You closely miss Grinder.
Grinder is almost dead.
Grinder gestures at you. Pain shoots through your body!
* * * LOW HITPOINT WARNING * * *
You barely miss Grinder.
Grinder is almost dead.
Grinder hits you.
* * * LOW HITPOINT WARNING * * *
You closely miss Grinder. Your headbutt misses Grinder.
Grinder is almost dead.
You closely miss Grinder. Your headbutt misses Grinder.
Grinder is almost dead.
Grinder hits you but does no damage.
You barely miss Grinder.
Grinder is almost dead.
Grinder gestures at you. Pain shoots through your body!
You die...

.....##.#
####.# #..#
...#....#
#.## #.##
...#..###
#..###.#
.#.#..#
#......#
<#.....
##.##..###
.#.....#
#.....>..#
.#.....#
#........#
.......#
##........#
.#.....#
#..5@.....#
## .
#.(.#######
# ....... #
...#... #
(. #... # #
.... #....
#....


You could see Grinder.

Vanquished Creatures
  An ogre (D:3)
  Terence (D:3)
  3 adders
  A worm (D:3)
  A dart slug (D:2)
  3 orcs (D:3)
  6 bats
  9 endoplasms
  6 giant cockroaches
  4 goblins
  5 hobgoblins
  6 jackals (D:1)
  3 quokkas
  4 ball pythons
  A frilled lizard (D:1)
  3 kobolds
  5 rats
62 creatures vanquished.

Notes
Turn   | Place    | Note
-------+----------+-------------------------------------------
     0 | D:1      | LLlMATKO the Minotaur Berserker began the quest for the
                  | Orb.
     0 | D:1      | Reached XP level 1. HP: 19/19 MP: 0/0
   142 | D:1      | Reached XP level 2. HP: 22/27 MP: 1/1
   466 | D:1      | Reached skill level 4 in Axes
   516 | D:1      | Reached XP level 3. HP: 33/33 MP: 2/2
   771 | D:1      | Reached ** piety under Trog
   903 | D:1      | You fall into a shaft and drop 1 floor!
  2611 | D:3      | Reached XP level 4. HP: 34/41 MP: 3/3
  2718 | D:3      | Noticed an ogre
  2724 | D:3      | Killed an ogre
  2725 | D:3      | Reached XP level 5. HP: 47/47 MP: 4/4
  2810 | D:3      | Found a glowing silver altar of Zin.
  2812 | D:3      | Noticed Terence
  2820 | D:3      | Killed Terence
  2960 | D:3      | Found a faded altar of an unknown god.
  3118 | D:3      | Reached skill level 5 in Axes
  3200 | D:3      | Noticed Grinder
  3209 | D:3      | Paralysed by Grinder for 3 turns
  3222 | D:3      | Killed from afar by Grinder

Illustrated notes

Levels and vault maps discovered:
D:1:      enne_arrival_octagon_isle, layout_loops_ring
D:2:      layout_basic, hangedman_abyss_or_decor_stabs
D:3:      layout_basic, mainiacjoe_overflow_concentric_impassable,
          hellmonk_ecumenical_altar_defaced_shrine, uniq_grinder, uniq_terence

Skill      XL: |  1  2  3  4  5 |
---------------+----------------+-----
Fighting       | 4 |  4.9
Axes           | 4 5 |  5.0
Armour         | 3 4 |  4.0
Dodging        | 3 |  3.7

Action                   |  1- 3 |  4- 6 || total
-------------------------+-------+-------++-------
Melee: Hand axe          |    91 |    49 ||   140
       Headbutt          |     9 |     6 ||    15
       Punch             |     1 |     1 ||     2
Throw: Dart              |     1 |     9 ||    10
Invok: Berserk           |       |     1 ||     1
 Stab: Sleeping          |     2 |       ||     2
Armor: Animal skin       |    16 |     1 ||    17
       Chain mail        |       |    15 ||    15
Dodge: Dodged            |    56 |    20 ||    76
